2856 views
Uploaded 2020-02-16 22:18:00
Game version 1.32 / 1.32.1
19:12 long 3on3 ladder game on (6)RollingHills
Saved by iggythefisk
2856 views
Uploaded 2020-02-16 22:18:00
Game version 1.32 / 1.32.1
19:12 long 3on3 ladder game on (6)RollingHills


52 units @ 5.2k
/ 0.3k
125 buildings @ 8.3k
/ 3.7k



| Potion of Healing | 1 | 150 |
| Staff of Sanctuary | 3 | 750 |
| Boots of Speed | 3 | 750 |
| Staff of Teleportation | 3 | 450 |
| Orb of Corruption | 1 | 375 |
| total: | 11 | 2475g |
| Peasant | 14 | 1050 | / | 0 |
| Gryphon Rider | 3 | 840 | / | 210 |
| Priest | 1 | 135 | / | 10 |
| total: | 18 | 2025g | / | 220w |
| Scout Tower | 38 | 1140 | / | 760 |
| Arcane Tower | 7 | 490 | / | 350 |
| Guard Tower | 28 | 1960 | / | 1400 |
| Altar of Kings | 1 | 180 | / | 50 |
| Farm | 6 | 480 | / | 120 |
| Lumber Mill | 1 | 120 | / | 0 |
| Arcane Vault | 3 | 390 | / | 90 |
| Blacksmith | 1 | 140 | / | 60 |
| Barracks | 1 | 160 | / | 60 |
| Arcane Sanctum | 1 | 150 | / | 140 |
| Gryphon Aviary | 2 | 280 | / | 300 |
| Keep | 1 | 320 | / | 210 |
| Castle | 1 | 360 | / | 210 |
| total: | 54 | 3040g | / | 1580w |
| 0:03 | Peasant |
| 0:03 | Peasant |
| 0:03 | Peasant |
| 0:07 | Altar of Kings |
| 0:16 | Peasant |
| 0:19 | Farm |
| 0:21 | Peasant |
| 0:37 | Farm |
| 0:49 | Lumber Mill |
| 1:13 | Peasant |
| 1:22 | Peasant |
| 1:26 | Peasant |
| 1:51 | Peasant |
| 1:51 | Peasant |
| 1:56 | Scout Tower |
| 2:01 | Scout Tower |
| 2:07 | Blizzard |
| 2:13 | Scout Tower |
| 2:21 | Arcane Tower |
| 2:23 | Scout Tower |
| 2:32 | Guard Tower |
| 2:35 | Scout Tower |
| 2:39 | Peasant |
| 2:39 | Peasant |
| 2:39 | Peasant |
| 2:43 | Scout Tower |
| 2:48 | Guard Tower |
| 3:05 | Guard Tower |
| 3:07 | Scout Tower |
| 3:08 | Scout Tower |
| 3:12 | Scout Tower |
| 3:27 | Peasant |
| 3:29 | Keep |
| 3:30 | Improved Masonry |
| 3:44 | Guard Tower |
| 4:07 | Boots of Speed |
| 4:14 | Guard Tower |
| 4:14 | Guard Tower |
| 4:15 | Scout Tower |
| 4:19 | Scout Tower |
| 4:22 | Scout Tower |
| 4:26 | Scout Tower |
| 4:28 | Scout Tower |
| 4:31 | Scout Tower |
| 4:43 | Guard Tower |
| 4:56 | Guard Tower |
| 5:42 | Scout Tower |
| 5:43 | Scout Tower |
| 5:44 | Scout Tower |
| 5:44 | Scout Tower |
| 5:46 | Scout Tower |
| 5:47 | Scout Tower |
| 5:48 | Scout Tower |
| 5:49 | Scout Tower |
| 6:00 | Farm |
| 6:00 | Farm |
| 6:14 | Arcane Tower |
| 6:14 | Guard Tower |
| 6:14 | Guard Tower |
| 6:23 | Guard Tower |
| 6:23 | Guard Tower |
| 6:23 | Guard Tower |
| 6:28 | Scout Tower |
| 6:29 | Scout Tower |
| 6:30 | Scout Tower |
| 6:35 | Brilliance Aura |
| 6:58 | Guard Tower |
| 6:59 | Arcane Tower |
| 7:00 | Guard Tower |
| 7:01 | Guard Tower |
| 7:02 | Scout Tower |
| 7:03 | Scout Tower |
| 7:03 | Scout Tower |
| 7:11 | Staff of Teleportation |
| 7:23 | Guard Tower |
| 7:23 | Guard Tower |
| 7:37 | Storm Bolt |
| 7:46 | Arcane Vault |
| 8:01 | Castle |
| 8:17 | Arcane Vault |
| 8:28 | Arcane Vault |
| 9:11 | Arcane Sanctum |
| 9:13 | Arcane Tower |
| 9:13 | Arcane Tower |
| 9:15 | Guard Tower |
| 9:15 | Guard Tower |
| 9:30 | Potion of Healing |
| 10:08 | Scout Tower |
| 10:09 | Scout Tower |
| 10:26 | Staff of Sanctuary |
| 10:26 | Staff of Sanctuary |
| 10:32 | Magic Sentry |
| 10:35 | Scout Tower |
| 10:36 | Scout Tower |
| 10:36 | Scout Tower |
| 10:46 | Arcane Tower |
| 10:48 | Arcane Tower |
| 10:53 | Scout Tower |
| 11:28 | Blizzard |
| 12:06 | Guard Tower |
| 12:08 | Guard Tower |
| 12:10 | Scout Tower |
| 12:12 | Gryphon Aviary |
| 12:14 | Advanced Masonry |
| 12:15 | Gryphon Aviary |
| 12:35 | Holy Light |
| 12:39 | Guard Tower |
| 12:41 | Scout Tower |
| 12:41 | Scout Tower |
| 12:46 | Blacksmith |
| 12:47 | Barracks |
| 12:49 | Staff of Teleportation |
| 12:50 | Boots of Speed |
| 13:25 | Orb of Corruption |
| 13:45 | Staff of Sanctuary |
| 14:01 | Gryphon Rider |
| 14:01 | Gryphon Rider |
| 14:11 | Staff of Teleportation |
| 14:13 | Boots of Speed |
| 14:43 | Bash |
| 14:50 | Farm |
| 14:50 | Farm |
| 15:04 | Iron Forged Swords |
| 15:43 | Gryphon Rider |
| 16:34 | Guard Tower |
| 16:43 | Priest |
| 16:45 | Storm Hammers |
| 16:55 | Animal War Training |
| 17:38 | Divine Shield |
| 18:38 | Storm Bolt |
| Right click | 1715 |
| Select | 454 |
| Select group | 214 |
| Build/train/purchase | 153 |
| Chat | 52 |
| Use ability | 50 |
| Misc. action | 14 |
| Assign group | 8 |
| Minimap ping | 7 |
| Item give/drop | 2 |
| Remove unit | 2 |



| Orb of Corruption | 2 | 750 |
| Circlet of Nobility | 2 | 350 |
| Staff of Teleportation | 3 | 450 |
| Boots of Speed | 3 | 750 |
| Staff of Sanctuary | 2 | 500 |
| total: | 12 | 2800g |
| Acolyte | 7 | 525 | / | 0 |
| Ghoul | 9 | 1080 | / | 0 |
| Obsidian Statue | 2 | 400 | / | 70 |
| total: | 18 | 2005g | / | 70w |
| Nerubian Tower | 4 | 400 | / | 80 |
| Spirit Tower | 5 | 725 | / | 200 |
| Crypt | 1 | 200 | / | 50 |
| Altar of Darkness | 1 | 180 | / | 50 |
| Ziggurat | 12 | 1800 | / | 600 |
| Necropolis | 1 | 225 | / | 0 |
| Graveyard | 1 | 215 | / | 0 |
| Tomb of Relics | 2 | 260 | / | 60 |
| Slaughterhouse | 1 | 140 | / | 135 |
| Halls of the Dead | 1 | 320 | / | 210 |
| Black Citadel | 1 | 325 | / | 230 |
| total: | 19 | 3020g | / | 895w |
| 0:03 | Acolyte |
| 0:07 | Crypt |
| 0:10 | Altar of Darkness |
| 0:11 | Acolyte |
| 0:32 | Ziggurat |
| 1:08 | Ghoul |
| 1:09 | Ghoul |
| 1:12 | Ziggurat |
| 1:35 | Acolyte |
| 1:46 | Ghoul |
| 2:07 | Necropolis |
| 2:11 | Ghoul |
| 2:20 | Death Coil |
| 2:32 | Graveyard |
| 2:49 | Ghoul |
| 3:36 | Circlet of Nobility |
| 3:40 | Staff of Teleportation |
| 3:40 | Boots of Speed |
| 3:56 | Halls of the Dead |
| 4:36 | Ghoul |
| 4:36 | Ghoul |
| 5:23 | Unholy Aura |
| 5:44 | Ghoul |
| 5:44 | Ghoul |
| 5:57 | Tomb of Relics |
| 6:34 | Tomb of Relics |
| 7:09 | Black Citadel |
| 7:34 | Frost Nova |
| 7:47 | Ziggurat |
| 8:19 | Death Coil |
| 8:40 | Staff of Teleportation |
| 8:40 | Boots of Speed |
| 8:43 | Circlet of Nobility |
| 8:59 | Nerubian Tower |
| 9:12 | Ziggurat |
| 9:30 | Orb of Corruption |
| 9:31 | Orb of Corruption |
| 9:47 | Acolyte |
| 9:47 | Acolyte |
| 9:47 | Acolyte |
| 9:48 | Acolyte |
| 10:38 | Nerubian Tower |
| 10:44 | Ziggurat |
| 11:32 | Frost Armor |
| 11:34 | Carrion Swarm |
| 11:48 | Spirit Tower |
| 12:02 | Spirit Tower |
| 12:14 | Ziggurat |
| 12:46 | Slaughterhouse |
| 12:47 | Nerubian Tower |
| 12:51 | Ziggurat |
| 12:52 | Ziggurat |
| 12:53 | Ziggurat |
| 13:52 | Spirit Tower |
| 13:54 | Obsidian Statue |
| 14:07 | Ziggurat |
| 14:13 | Ziggurat |
| 14:25 | Boots of Speed |
| 14:54 | Staff of Sanctuary |
| 14:58 | Staff of Teleportation |
| 15:14 | Ziggurat |
| 16:24 | Nerubian Tower |
| 16:28 | Spirit Tower |
| 16:40 | Unholy Aura |
| 16:56 | Obsidian Statue |
| 17:00 | Spirit Tower |
| 17:30 | Staff of Sanctuary |
| 18:03 | Frost Nova |
| 18:33 | Vampiric Aura |
| Right click | 1190 |
| Select group | 901 |
| Select | 213 |
| Misc. action | 82 |
| Build/train/purchase | 77 |
| Use ability | 67 |
| Resource trade | 63 |
| Assign group | 13 |
| Minimap ping | 11 |
| Item give/drop | 6 |
| Esc | 1 |


| Scroll of Regeneration | 5 | 500 |
| Staff of Sanctuary | 2 | 500 |
| Potion of Healing | 1 | 150 |
| Boots of Speed | 2 | 500 |
| Staff of Teleportation | 1 | 150 |
| Circlet of Nobility | 1 | 175 |
| Periapt of Vitality | 1 | 325 |
| Orb of Corruption | 1 | 375 |
| total: | 14 | 2675g |
| Peasant | 16 | 1200 | / | 0 |
| total: | 16 | 1200g | / | 0w |
| Scout Tower | 44 | 1320 | / | 880 |
| Arcane Tower | 5 | 350 | / | 250 |
| Guard Tower | 27 | 1890 | / | 1350 |
| Altar of Kings | 1 | 180 | / | 50 |
| Farm | 4 | 320 | / | 80 |
| Lumber Mill | 1 | 120 | / | 0 |
| Arcane Vault | 1 | 130 | / | 30 |
| Arcane Sanctum | 1 | 150 | / | 140 |
| Keep | 2 | 640 | / | 420 |
| Castle | 2 | 720 | / | 420 |
| total: | 52 | 2220g | / | 1180w |
| 0:03 | Peasant |
| 0:06 | Altar of Kings |
| 0:07 | Peasant |
| 0:19 | Farm |
| 0:22 | Peasant |
| 0:46 | Peasant |
| 0:51 | Lumber Mill |
| 0:57 | Peasant |
| 1:04 | Peasant |
| 1:12 | Farm |
| 1:24 | Peasant |
| 1:35 | Peasant |
| 1:46 | Scout Tower |
| 1:48 | Peasant |
| 1:51 | Blizzard |
| 1:54 | Improved Masonry |
| 1:59 | Peasant |
| 2:07 | Peasant |
| 2:15 | Arcane Tower |
| 2:17 | Scout Tower |
| 2:31 | Scout Tower |
| 2:34 | Peasant |
| 2:34 | Peasant |
| 2:44 | Guard Tower |
| 2:46 | Scout Tower |
| 3:17 | Guard Tower |
| 3:19 | Scout Tower |
| 3:21 | Scout Tower |
| 3:22 | Guard Tower |
| 3:29 | Peasant |
| 3:47 | Guard Tower |
| 3:50 | Scout Tower |
| 4:03 | Guard Tower |
| 4:04 | Scout Tower |
| 4:24 | Keep |
| 4:47 | Guard Tower |
| 4:48 | Scout Tower |
| 4:50 | Scout Tower |
| 5:06 | Boots of Speed |
| 5:06 | Staff of Teleportation |
| 5:39 | Brilliance Aura |
| 5:43 | Guard Tower |
| 5:46 | Scout Tower |
| 5:47 | Scout Tower |
| 5:47 | Scout Tower |
| 5:48 | Scout Tower |
| 6:14 | Scout Tower |
| 6:21 | Guard Tower |
| 6:23 | Arcane Vault |
| 6:25 | Scout Tower |
| 6:26 | Scout Tower |
| 6:36 | Farm |
| 6:38 | Farm |
| 6:50 | Arcane Tower |
| 7:36 | Scroll of Regeneration |
| 7:40 | Scout Tower |
| 7:41 | Scout Tower |
| 8:01 | Guard Tower |
| 8:03 | Scroll of Regeneration |
| 8:12 | Scout Tower |
| 8:17 | Storm Bolt |
| 8:20 | Arcane Tower |
| 8:35 | Guard Tower |
| 8:37 | Scout Tower |
| 8:39 | Scout Tower |
| 8:49 | Boots of Speed |
| 8:55 | Guard Tower |
| 8:57 | Scout Tower |
| 8:57 | Scout Tower |
| 9:09 | Advanced Masonry |
| 9:45 | Castle |
| 9:57 | Arcane Tower |
| 10:02 | Guard Tower |
| 10:07 | Guard Tower |
| 10:41 | Blizzard |
| 10:57 | Scroll of Regeneration |
| 11:03 | Guard Tower |
| 11:05 | Scout Tower |
| 11:06 | Scout Tower |
| 11:35 | Guard Tower |
| 11:38 | Arcane Sanctum |
| 11:51 | Scout Tower |
| 11:52 | Scout Tower |
| 12:06 | Scout Tower |
| 12:06 | Guard Tower |
| 12:15 | Scout Tower |
| 12:21 | Scroll of Regeneration |
| 12:23 | Staff of Sanctuary |
| 12:23 | Potion of Healing |
| 12:43 | Guard Tower |
| 12:44 | Scout Tower |
| 12:46 | Imbued Masonry |
| 12:47 | Guard Tower |
| 13:00 | Orb of Corruption |
| 13:41 | Guard Tower |
| 13:42 | Scout Tower |
| 13:45 | Scroll of Regeneration |
| 13:49 | Peasant |
| 13:49 | Peasant |
| 13:57 | Magic Sentry |
| 14:16 | Staff of Sanctuary |
| 14:23 | Guard Tower |
| 14:25 | Scout Tower |
| 14:26 | Scout Tower |
| 15:07 | Guard Tower |
| 15:09 | Scout Tower |
| 15:09 | Scout Tower |
| 15:35 | Scout Tower |
| 15:37 | Scout Tower |
| 15:39 | Scout Tower |
| 15:41 | Arcane Tower |
| 16:08 | Guard Tower |
| 16:17 | Circlet of Nobility |
| 16:17 | Periapt of Vitality |
| 17:23 | Scout Tower |
| 17:24 | Scout Tower |
| 17:24 | Scout Tower |
| 17:41 | Scout Tower |
| 17:41 | Scout Tower |
| 17:51 | Bash |
| 18:19 | Guard Tower |
| 19:09 | Guard Tower |
| Right click | 1331 |
| Select group | 639 |
| Assign group | 598 |
| Select | 228 |
| Chat | 143 |
| Build/train/purchase | 120 |
| Use ability | 56 |
| Misc. action | 9 |
| Resource trade | 6 |
| Item give/drop | 3 |
88 units @ 13.7k
/ 1.9k
45 buildings @ 6.4k
/ 2.2k


| Rod of Necromancy | 1 | 150 |
| Potion of Lesser Invulnerability | 1 | 150 |
| total: | 2 | 300g |
| Acolyte | 3 | 225 | / | 0 |
| Ghoul | 7 | 840 | / | 0 |
| Crypt Fiend | 6 | 1290 | / | 240 |
| Necromancer | 9 | 1305 | / | 180 |
| Banshee | 6 | 930 | / | 180 |
| Goblin Zeppelin | 1 | 240 | / | 60 |
| total: | 32 | 4830g | / | 660w |
| Nerubian Tower | 2 | 200 | / | 40 |
| Spirit Tower | 1 | 145 | / | 40 |
| Altar of Darkness | 1 | 180 | / | 50 |
| Crypt | 1 | 200 | / | 50 |
| Ziggurat | 6 | 900 | / | 300 |
| Graveyard | 1 | 215 | / | 0 |
| Tomb of Relics | 2 | 260 | / | 60 |
| Temple of the Damned | 2 | 310 | / | 280 |
| Halls of the Dead | 1 | 320 | / | 210 |
| Black Citadel | 1 | 325 | / | 230 |
| total: | 13 | 2065g | / | 740w |
| 0:05 | Acolyte |
| 0:08 | Altar of Darkness |
| 0:11 | Crypt |
| 0:20 | Acolyte |
| 0:26 | Ziggurat |
| 0:34 | Acolyte |
| 1:00 | Graveyard |
| 1:14 | Ghoul |
| 1:26 | Ghoul |
| 1:33 | Nerubian Tower |
| 1:49 | Ziggurat |
| 1:50 | Ziggurat |
| 2:01 | Ghoul |
| 2:14 | Frost Nova |
| 2:29 | Tomb of Relics |
| 2:32 | Tomb of Relics |
| 2:34 | Ghoul |
| 3:26 | Ghoul |
| 3:28 | Crypt Fiend |
| 3:33 | Halls of the Dead |
| 3:41 | Rod of Necromancy |
| 3:58 | Crypt Fiend |
| 4:31 | Dark Ritual |
| 4:39 | Crypt Fiend |
| 4:44 | Ziggurat |
| 4:48 | Nerubian Tower |
| 5:41 | Ghoul |
| 5:42 | Crypt Fiend |
| 6:00 | Temple of the Damned |
| 6:08 | Temple of the Damned |
| 6:14 | Ziggurat |
| 7:03 | Crypt Fiend |
| 7:07 | Burrow |
| 8:06 | Sleep |
| 8:18 | Necromancer Adept Training |
| 8:24 | Banshee Adept Training |
| 8:27 | Skeletal Mastery |
| 8:42 | Potion of Lesser Invulnerability |
| 9:06 | Spirit Tower |
| 9:10 | Creature Attack |
| 9:10 | Unholy Strength |
| 9:17 | Ghoul |
| 9:46 | Black Citadel |
| 10:14 | Goblin Zeppelin |
| 10:31 | Crypt Fiend |
| 10:40 | Necromancer |
| 12:54 | Necromancer Master Training |
| 12:56 | Necromancer |
| 14:01 | Banshee |
| 14:02 | Banshee Master Training |
| 14:06 | Necromancer |
| 14:07 | Necromancer |
| 14:09 | Banshee |
| 14:09 | Banshee |
| 14:09 | Banshee |
| 14:13 | Ziggurat |
| 15:27 | Necromancer |
| 15:27 | Necromancer |
| 15:27 | Necromancer |
| 17:24 | Vampiric Aura |
| 17:47 | Improved Unholy Strength |
| 17:56 | Necromancer |
| 17:56 | Banshee |
| 17:57 | Necromancer |
| 17:57 | Banshee |
| Right click | 603 |
| Select | 165 |
| Select group | 87 |
| Build/train/purchase | 60 |
| Use ability | 46 |
| Misc. action | 35 |
| Assign group | 18 |
| Minimap ping | 7 |
| Remove unit | 6 |


| Peasant | 9 | 675 | / | 0 |
| Footman | 8 | 1080 | / | 0 |
| Mortar Team | 8 | 1440 | / | 560 |
| Siege Engine | 1 | 195 | / | 60 |
| total: | 26 | 3390g | / | 620w |
| Altar of Kings | 1 | 180 | / | 50 |
| Farm | 9 | 720 | / | 180 |
| Barracks | 1 | 160 | / | 60 |
| Blacksmith | 1 | 140 | / | 60 |
| Lumber Mill | 1 | 120 | / | 0 |
| Arcane Vault | 1 | 130 | / | 30 |
| Workshop | 2 | 280 | / | 280 |
| Keep | 1 | 320 | / | 210 |
| Castle | 1 | 360 | / | 210 |
| total: | 16 | 1730g | / | 660w |
| 0:02 | Peasant |
| 0:06 | Altar of Kings |
| 0:19 | Farm |
| 0:21 | Barracks |
| 0:30 | Peasant |
| 0:30 | Peasant |
| 0:48 | Peasant |
| 1:02 | Farm |
| 1:03 | Peasant |
| 1:20 | Peasant |
| 1:20 | Peasant |
| 1:25 | Footman |
| 1:44 | Footman |
| 1:59 | Footman |
| 2:09 | Footman |
| 2:13 | Farm |
| 2:25 | Flame Strike |
| 3:21 | Keep |
| 3:23 | Footman |
| 3:23 | Footman |
| 4:34 | Footman |
| 4:34 | Footman |
| 4:36 | Farm |
| 5:47 | Blacksmith |
| 5:52 | Lumber Mill |
| 5:54 | Castle |
| 7:02 | Workshop |
| 7:06 | Workshop |
| 7:09 | Farm |
| 7:11 | Farm |
| 7:13 | Black Gunpowder |
| 7:18 | Storm Bolt |
| 7:53 | Siphon Mana |
| 8:18 | Mortar Team |
| 8:22 | Arcane Vault |
| 8:33 | Refined Gunpowder |
| 8:39 | Fragmentation Shards |
| 8:49 | Mortar Team |
| 9:14 | Mortar Team |
| 9:17 | Peasant |
| 9:17 | Peasant |
| 9:40 | Siege Engine |
| 10:22 | Farm |
| 10:24 | Farm |
| 10:26 | Farm |
| 10:41 | Improved Lumber Harvesting |
| 12:36 | Mortar Team |
| 12:36 | Flare |
| 13:54 | Mortar Team |
| 14:02 | Mortar Team |
| 17:21 | Mortar Team |
| 17:21 | Mortar Team |
| Right click | 1278 |
| Select | 243 |
| Build/train/purchase | 69 |
| Misc. action | 47 |
| Select group | 41 |
| Use ability | 15 |
| Chat | 11 |
| Minimap ping | 3 |
| Assign group | 2 |
| Remove unit | 1 |

| Orb of Lightning | 1 | 375 |
| total: | 1 | 375g |
| Peon | 6 | 450 | / | 0 |
| Grunt | 12 | 2400 | / | 0 |
| Demolisher | 9 | 1980 | / | 450 |
| Troll Batrider | 2 | 320 | / | 80 |
| Goblin Shredder | 1 | 375 | / | 100 |
| total: | 30 | 5525g | / | 630w |
| Barracks | 3 | 540 | / | 150 |
| Orc Burrow | 8 | 1280 | / | 320 |
| Altar of Storms | 1 | 180 | / | 50 |
| Voodoo Lounge | 1 | 130 | / | 30 |
| War Mill | 1 | 205 | / | 0 |
| Beastiary | 2 | 290 | / | 280 |
| Stronghold | 1 | 315 | / | 190 |
| Fortress | 1 | 325 | / | 190 |
| total: | 16 | 2625g | / | 830w |
| 0:07 | Peon |
| 0:07 | Peon |
| 0:11 | Barracks |
| 0:13 | Barracks |
| 0:15 | Orc Burrow |
| 0:27 | Peon |
| 0:41 | Peon |
| 0:55 | Orc Burrow |
| 1:05 | Peon |
| 1:14 | Grunt |
| 1:34 | Grunt |
| 1:51 | Altar of Storms |
| 2:09 | Grunt |
| 2:33 | Orc Burrow |
| 2:46 | Grunt |
| 3:03 | Pillage |
| 3:14 | Grunt |
| 3:41 | Grunt |
| 3:53 | Endurance Aura |
| 4:09 | Orc Burrow |
| 4:11 | Grunt |
| 4:28 | Peon |
| 5:15 | Voodoo Lounge |
| 5:16 | Stronghold |
| 5:38 | Grunt |
| 5:51 | Grunt |
| 5:57 | War Mill |
| 6:12 | Grunt |
| 6:44 | Grunt |
| 7:19 | Grunt |
| 7:39 | Fortress |
| 7:43 | Berserker Strength |
| 7:48 | Demolisher |
| 7:51 | War Stomp |
| 8:07 | Steel Armor |
| 8:57 | Demolisher |
| 9:00 | Steel Ranged Weapons |
| 9:13 | Barracks |
| 9:54 | Goblin Shredder |
| 10:03 | Demolisher |
| 10:30 | Burning Oil |
| 10:44 | Demolisher |
| 12:05 | Orc Burrow |
| 12:08 | Orc Burrow |
| 12:09 | Thorium Armor |
| 12:12 | Orc Burrow |
| 13:23 | Demolisher |
| 13:23 | Demolisher |
| 13:38 | Orc Burrow |
| 13:44 | Reinforced Defenses |
| 14:43 | Demolisher |
| 15:18 | Arcanite Armor |
| 15:28 | Thorium Ranged Weapons |
| 16:58 | Demolisher |
| 16:58 | Demolisher |
| 17:05 | Beastiary |
| 17:30 | Spiked Barricades |
| 17:36 | Beastiary |
| 18:19 | Orb of Lightning |
| 18:59 | Troll Batrider |
| 18:59 | Troll Batrider |
| Right click | 520 |
| Select | 241 |
| Build/train/purchase | 56 |
| Select group | 50 |
| Misc. action | 28 |
| Assign group | 16 |
| Use ability | 3 |
| Remove unit | 2 |
| Esc | 2 |
| Minimap ping | 2 |
⇛